 Dungeon Crawl Stone Soup version 0.19-a0-665-g79b24d5 (webtiles) character file.

291822 Arkorax the Warrior (level 20, -2/193 HPs)
             Began as a Minotaur Necromancer on June 16, 2016.
             Was the Champion of Kikubaaqudgha.
             Slain by a lorocyproca (24 damage)
             ... on level 1 of the Depths.
             The game lasted 01:23:08 (40353 turns).

Arkorax the Warrior (Minotaur Necromancer)         Turns: 40353, Time: 01:23:09

Health: -2/193     AC: 21    Str: 25    XL:     20   Next: 31%
Magic:  0/21       EV:  9    Int: 15    God:    Kikubaaqudgha [******]
Gold:   3377       SH: 32    Dex: 13    Spells: 2 memorised, 15 levels left

rFire  + + .     SeeInvis .     Z - +9 double sword (pain)
rCold  . . .     Gourm    .     R - +0 plate armour {rF+}
rNeg   + + .     Faith    .     I - +18 shield of the Gong {rElec rN+ MR+ EV-5}
rPois  +         Spirit   .     M - +2 hat {Int+3}
rElec  +         Dismiss  .     o - +2 cloak {rPois}
rCorr  .         Reflect  .     W - +5 pair of gloves of Grace {rElec rN+}
SustAt .         Harm     .     t - +1 pair of boots
MR     ++...                    l - amulet of regeneration
Stlth  ..........               L - +4 ring of protection
                                m - ring of protection from fire

@: mighty, corroded, very resistant to hostile enchantments, extremely
unstealthy
A: retaliatory headbutt, horns 2, slimy green scales 1
a: Receive Corpses, Torment, Renounce Religion
}: 1/15 runes: gossamer


You were on level 1 of the Depths.
You worshipped Kikubaaqudgha.
Kikubaaqudgha was exalted by your worship.
You were not hungry.

You visited 7 branches of the dungeon, and saw 34 of its levels.
You visited the Abyss 1 time.
You visited 1 bazaar.
You also visited: Labyrinth.

You collected 3564 gold pieces.
You spent 187 gold pieces at shops.

Inventory:

Hand Weapons
 Z - a +9 double sword of pain (weapon)
Armour
 j - a +1 fire dragon armour
 o - a +2 cloak of poison resistance (worn)
 t - a +1 pair of boots (worn)
 G - a +1 chain mail of cold resistance
 I - the +18 shield of the Gong (worn) {rElec rN+ MR+ EV-5}
   (You took it off an efreet on level 15 of the Dungeon)

   It affects your evasion (-5).
   It insulates you from electricity.
   It protects you from negative energy.
   It affects your resistance to hostile enchantments.
 M - a +2 hat of intelligence (worn)
 R - a +0 plate armour of fire resistance (worn)
 W - the +5 pair of gloves of Grace (worn) {rElec rN+}
   (You acquired it on level 5 of the Lair of Beasts)

   It insulates you from electricity.
   It protects you from negative energy.
Jewellery
 f - a +4 ring of evasion
 l - an amulet of regeneration (around neck)
 m - a ring of protection from fire (left hand)
 L - a +4 ring of protection (right hand)
Wands
 b - a wand of slowing (8/48)
 g - a wand of teleportation (2/9)
 h - a wand of iceblast (9/15)
 p - a wand of hasting (4/9)
 s - a wand of random effects (11/48)
 A - a wand of slowing (33/48)
 E - a wand of teleportation (0/9)
 F - a wand of digging (0/24)
 H - a wand of flame (35/48)
 J - a wand of acid (8/15)
 K - a wand of confusion (6/48)
 N - a wand of lightning (0/15)
 S - a wand of paralysis (10/24)
 V - a wand of disintegration (11/24)
 X - a wand of paralysis (8/24)
Scrolls
 a - 7 scrolls of fear
 u - 8 scrolls of teleportation
 w - a scroll of blinking
 y - a scroll of fog
 Q - 5 scrolls of remove curse
 Y - a scroll of magic mapping
Potions
 c - 6 potions of brilliance
 d - a potion of might
 e - 2 potions of haste
 n - a potion of ambrosia
 q - a potion of magic
 v - 4 potions of mutation
 x - 2 potions of cancellation
 z - 4 potions of curing
 C - 2 potions of resistance
 P - 3 potions of flight
 T - 3 potions of cure mutation
Comestibles
 i - 4 slices of pizza
 r - 9 fruits
 B - 8 bread rations
 D - 9 royal jellies
 O - 4 meat rations
 U - 6 beef jerkies


   Skills:
 + Level 19.9 Fighting
   Level 0.9(11.0) Short Blades
 - Level 17.5 Long Blades
 + Level 14.1 Armour
 + Level 12.2 Dodging
 - Level 1.5 Stealth
 - Level 15.5 Shields
 - Level 1.3 Spellcasting
 * Level 16.1 Necromancy


You had 15 spell levels left.
You knew the following spells:

 Your Spells              Type           Power        Failure   Level  Hunger
a - Pain                  Necr           ####         1%          1    ##.....
b - Dispel Undead         Necr           #####...     10%         5    ######.


Dungeon Overview and Level Annotations

Branches:
Dungeon (15/15)            Temple (1/1) D:6            Lair (6/6) D:8
 Shoals (0/4) Lair:4       Spider (4/4) Lair:2        Slime (0/5) Lair:5
    Orc (2/2) D:11            Elf (0/3) Orc:2        Vaults (5/5) D:13
  Crypt (0/3) Vaults:3     Depths (1/5) D:15

Altars:
Ashenzari
Cheibriados
Elyvilon
Fedhas
Hepliaklqana
Kikubaaqudgha
Nemelex Xobeh
Okawaru
Pakellas
Sif Muna
Trog
Uskayaw
Xom
Zin
The Shining One
Jiyva

Shops:
D:6 [   D:10 [   Orc:2 *[(=   Vaults:1 (   Vaults:2 *   Vaults:3 (

Portals:
Hell: Depths:1
Trove: Vaults:3 (give 13 potions of heal wounds)


Innate Abilities, Weirdness & Mutations

You reflexively headbutt those who attack you in melee.
You have a pair of horns on your head.
You are partially covered in slimy green scales. (AC +2)


Message History

Okay, then.
Okay, then.
Evoke which item? (* to show all) (? for menu, Esc to quit)
Okay, then.
You hit something but do no damage. You headbutt something.
You closely miss something. Something hits you!
* * * LOW HITPOINT WARNING * * *
You feel better. Something hits you but does no damage.
You feel very mighty all of a sudden. You block something's attack.
GONNNNG!
You hear a horrible gurgling sound! x2; You hear an angry hiss.
You slash something! You block something's attack.
GONNNNG!
You slice something!! Your headbutt misses something. You hit something.
Your headbutt misses something. Something hits you!
* * * LOW HITPOINT WARNING * * *
You feel your power leaking away.
You hit something. Something hits you!!
You die...
Kikubaaqudgha rasps: "You have failed me!
Welcome... death!"

≈≈≈≈≈≈≈≈≈≈##'####
≈≈≈≈≈≈≈≈≈≈≈......#
≈≈≈≈≈≈§≈≈≈≈≈§≈≈.#
.≈≈≈≈≈≈≈.≈####≈.#
#.##.###.≈# #≈.#
#.##.###.≈# #≈.#
#.##...'.≈# #§.##
.######†...###.≈####§.'.
.......@{..# #.§≈≈≈§≈.##
.########.## #........#
###.# ######'###
######..s# #.#
........## #.# ######.s#
#.# #..# ######.####
#†................
##p###.###########


There were no monsters in sight!

Vanquished Creatures
  Arachne (Spider:4)
  The ghost of Herrn the Brawler, an adept TrEE of Okawaru (Vaults:4)
  2 liches
  Kirke (Spider:3)
  3 sphinxes
  A tengu reaver (Vaults:3)
  A fire giant (D:15)
  3 orc warlords
  3 ghost moths
  9 vault wardens
  A frost giant (Vaults:3)
  Aizul (Spider:1)
  5 emperor scorpions (Spider:4)
  16 ironheart preservers
  2 war gargoyles (D:15)
  A ghoul (Vaults:3)
  4 stone giants
  The ghost of Aksej the Carver, a journeyman DsGl of Dithmenos (Orc:2)
  4 very ugly things
  A deep elf demonologist (Vaults:2)
  5 spark wasps
  A minotaur (Lab)
  2 ettins
  A deep elf death mage (Vaults:4)
  4 fire dragons
  A slime creature (Depths:1)
  4 entropy weavers
  2 ice dragons
  Josephine (D:14)
  12 yaktaur captains
  3 great orbs of eyes
  21 vault guards
  5 hydras
  9 ogre magi
  2 catoblepae
  2 death knights
  6 centaur warriors
  A dancing weapon (Vaults:4)
  A queen ant (Spider:3)
  3 deep troll earth magi
  A deep troll shaman (Vaults:3)
  A vampire mage (Vaults:3)
  A tengu warrior (D:15)
  2 thrashing horrors (Abyss:3)
  2 orc high priests (Orc:2)
  Sonja (D:15)
  A storm dragon zombie (Abyss:3)
  Urug (D:15)
  2 fire crabs
  9 deep elf knights
  A shadow wraith (Vaults:2)
  A skeletal warrior (D:15)
  4 unseen horrors
  11 deep trolls
  3 wizards
  A spatial maelstrom (Abyss:3)
  2 flayed ghosts
  2 giant orange brains
  10 deep elf archers
  13 hill giants
  14 ironbrand convokers
  3 necromancers
  3 phantasmal warriors
  5 harpies
  A wolf spider zombie (D:15)
  32 wolf spiders
  14 deep elf magi
  An oklob plant (Lair:5)
  14 orc knights
  An orc sorcerer (Orc:2)
  19 orb spiders
  41 ugly things
  11 cyclopes
  A tengu skeleton (Vaults:4)
  6 hornets
  6 griffons
  5 manticores
  2 octopodes (shapeshifter)
  3 moths of wrath
  5 black mambas
  An apocalypse crab (Abyss:3)
  A spiny frog (shapeshifter) (D:15)
  6 elephants (Lair:6)
  A black mamba (shapeshifter) (D:15)
  A torpor snail (shapeshifter) (D:15)
  An eye of devastation (shapeshifter) (D:15)
  11 vault sentinels
  A gargoyle (D:15)
  A torpor snail (Spider:4)
  11 spiny frogs
  5 spectral swamp worms (Depths:1)
  A large abomination (Abyss:3)
  8 komodo dragons
  6 centaur skeletons
  An efreet (D:15)
  A spriggan druid (Lair:6)
  8 demonic crawlers
  2 kobold demonologists
  7 freezing wraiths
  22 yaktaurs
  An ancient zyme (Abyss:3)
  2 queen bees
  A tormentor (Abyss:3)
  A harpy zombie (D:14)
  11 trolls
  25 jumping spiders
  6 polar bears (Lair:6)
  8 two-headed ogres
  A polar bear (shapeshifter) (Vaults:2)
  A tengu simulacrum (Vaults:4)
  17 blink frogs
  A harpy skeleton (D:15)
  5 raiju (Abyss:3)
  5 boulder beetles
  25 tarantellas
  A meliai zombie (D:15)
  123 redbacks
  4 shadows
  A ynoxinul (Abyss:3)
  A centaur simulacrum (D:15)
  33 yaks
  A redback (shapeshifter) (Vaults:3)
  12 spriggans (Lair:6)
  A water elemental (Depths:1)
  Sigmund (D:3)
  7 wraiths
  5 hungry ghosts
  4 wyverns
  5 vampires
  4 golden eyes (Abyss:3)
  11 hippogriffs
  6 hogs (Spider:2)
  22 vampire mosquitoes
  2 basilisks (Lair:4)
  A chaos spawn (Abyss:3)
  A neqoxec (Abyss:3)
  8 mottled dragons
  A deep troll zombie (Vaults:4)
  4 wargs
  A spatial vortex (Abyss:3)
  4 soldier ants
  45 orc warriors
  13 water moccasins
  8 porcupines
  5 ice beasts
  10 wasps
  2 ice beasts (shapeshifter)
  8 sky beasts
  An eye of draining (D:9)
  A necrophage (D:10)
  10 black bears
  37 ogres
  5 phantoms
  22 wolves
  11 centaurs
  An elf skeleton (Vaults:4)
  6 crocodiles
  3 big kobolds
  18 giant frogs
  A scorpion (D:12)
  An orc simulacrum (Vaults:2)
  47 killer bees
  17 wights
  An electric eel (D:14)
  11 howler monkeys
  A giant frog zombie (D:13)
  3 centaur zombies
  9 crimson imps
  A quasit (D:8)
  4 starcursed masses (Abyss:3)
  8 jellies
  2 giant frog skeletons
  7 hounds
  2 gnoll shamans
  12 orc priests
  Crazy Yiuf (D:3)
  39 worker ants
  7 iguanas
  Natasha (thrice) (D:3)
  26 orc wizards
  4 small abominations (Abyss:3)
  30 sheep
  3 human simulacra
  2 hound skeletons
  A howler monkey zombie (D:5)
  Robin (D:3)
  12 gnolls
  11 adders
  61 river rats
  A shadow imp (D:11)
  A white imp (Abyss:3)
  2 adder skeletons (D:7)
  2 adder zombies
  3 worms
  A dart slug (D:1)
  4 giant geckos
  86 orcs
  8 bats
  7 giant cockroaches
  16 goblins
  13 hobgoblins
  18 jackals
  24 kobolds
  5 quokkas
  2 ball pythons
  A giant cockroach zombie (D:4)
  A giant gecko skeleton (D:6)
  A giant newt (D:3)
  10 rats
  2 bushes (D:6)
1615 creatures vanquished.

Vanquished Creatures (others)
  A wolf spider (D:6)
  A jumping spider (Spider:4)
  A sky beast (D:12)
  A worker ant (Spider:3)
  13 fungi
  15 plants
32 creatures vanquished.

Grand Total: 1647 creatures vanquished

Notes
Turn   | Place    | Note
--------------------------------------------------------------
     0 | D:1      | Arkorax the Minotaur Necromancer began the quest for the Orb.
     0 | D:1      | Reached XP level 1. HP: 14/14 MP: 1/1
   242 | D:1      | Reached skill level 1 in Fighting
   245 | D:1      | Reached skill level 1 in Armour
   250 | D:1      | Reached XP level 2. HP: 9/23 MP: 3/3
   960 | D:1      | Reached skill level 2 in Fighting
  1151 | D:2      | Reached XP level 3. HP: 29/29 MP: 4/4
  1459 | D:1      | Reached skill level 1 in Long Blades
  1566 | D:2      | Reached XP level 4. HP: 18/37 MP: 5/5
  2440 | D:3      | Noticed Natasha
  2477 | D:3      | Killed Natasha
  2658 | D:3      | Reached skill level 3 in Fighting
  2738 | D:3      | Noticed Sigmund
  2750 | D:3      | Killed Sigmund
  2750 | D:3      | Reached XP level 5. HP: 26/46 MP: 6/6
  2750 | D:3      | Reached XP level 6. HP: 29/52 MP: 7/7
  2970 | D:3      | Noticed Robin
  2985 | D:3      | Killed Robin
  3399 | D:3      | Noticed Crazy Yiuf
  3445 | D:3      | Noticed Natasha
  3451 | D:3      | HP: 2/52 [Natasha/magic dart (9)]
  3454 | D:3      | Killed Natasha
  3753 | D:3      | Killed Crazy Yiuf
  3760 | D:3      | Reached skill level 4 in Fighting
  3986 | D:3      | Noticed Natasha
  3994 | D:3      | Killed Natasha
  4306 | D:4      | Reached skill level 5 in Long Blades
  4481 | D:4      | Found an iron altar of Okawaru.
  4743 | D:4      | Reached XP level 7. HP: 54/60 MP: 8/8
  4950 | D:4      | Reached skill level 5 in Armour
  5062 | D:5      | Entered Level 5 of the Dungeon
  5161 | D:5      | Reached skill level 5 in Fighting
  5633 | D:5      | Reached XP level 8. HP: 63/69 MP: 9/9
  5704 | D:5      | Found a shattered altar of Ashenzari.
  5910 | D:6      | Reached skill level 6 in Fighting
  6743 | D:6      | Found an oddly glowing altar of Pakellas.
  6743 | D:6      | Noticed a wolf spider
  6756 | D:6      | Killed a wolf spider
  6778 | D:6      | Reached XP level 9. HP: 76/78 MP: 10/10
  6781 | D:6      | Noticed a toenail golem
  6835 | D:6      | Found Rixt's Antique Armour Shop.
  6845 | D:6      | Reached skill level 7 in Fighting
  6851 | D:6      | Bought a runed hat for 88 gold pieces
  6851 | D:6      | Bought a pair of gloves for 99 gold pieces
  6975 | D:6      | Found a staircase to the Ecumenical Temple.
  7064 | Temple   | Entered the Ecumenical Temple
  7092 | Temple   | Became a worshipper of Kikubaaqudgha
  7524 | D:7      | Reached skill level 10 in Long Blades
  8174 | D:8      | Found a staircase to the Lair.
  8175 | D:8      | Noticed a komodo dragon
  8220 | D:8      | Reached skill level 8 in Fighting
  8229 | D:8      | Reached * piety under Kikubaaqudgha
  8229 | D:8      | Received a gift from Kikubaaqudgha
  8232 | D:8      | Identified Kikubaaqudgha's Compendium of Evil (Kikubaaqudgha gifted it to you on level 8 of the Dungeon)
  8289 | D:8      | Killed a komodo dragon
  8429 | D:8      | Reached XP level 10. HP: 49/90 MP: 11/11
  8972 | D:8      | Reached ** piety under Kikubaaqudgha
  8972 | D:8      | Reached skill level 9 in Fighting
  9022 | D:8      | Gained mutation: You are partially covered in slimy green scales. (AC +2) [potion of beneficial mutation]
  9210 | D:9      | Found a glowing golden altar of the Shining One.
  9277 | D:9      | Reached skill level 10 in Armour
  9473 | D:10     | Entered Level 10 of the Dungeon
  9583 | D:10     | Got a twisted scimitar
  9590 | D:10     | Identified the cursed +2 scimitar of Rabusouff {vamp, Int+2} (You found it on level 10 of the Dungeon)
  9804 | D:10     | Noticed a hill giant
  9812 | D:10     | Killed a hill giant
  9819 | D:10     | Reached XP level 11. HP: 98/99 MP: 12/12
  9915 | D:10     | Found Jiqahiocu's Antique Armour Emporium.
  9933 | D:10     | Noticed a hill giant
  9943 | D:10     | Killed a hill giant
 10028 | D:10     | Reached *** piety under Kikubaaqudgha
 10028 | D:10     | Received a gift from Kikubaaqudgha
 10033 | D:10     | Identified Kikubaaqudgha's Collected Works on Necromancy (Kikubaaqudgha gifted it to you on level 10 of the Dungeon)
 10561 | D:11     | Reached skill level 10 in Fighting
 10695 | D:11     | Found a staircase to the Orcish Mines.
 10900 | D:11     | Reached **** piety under Kikubaaqudgha
 11029 | D:11     | Noticed a hill giant
 11042 | D:11     | Killed a hill giant
 11120 | D:11     | Killed an unseen horror
 11597 | D:12     | Reached skill level 5 in Dodging
 11608 | D:12     | Noticed a cyan ugly thing
 11636 | D:12     | Killed a cyan ugly thing
 11946 | D:12     | Noticed a hill giant
 11953 | D:12     | Killed a hill giant
 12137 | D:12     | Reached skill level 11 in Fighting
 12295 | D:12     | Got a twisted ring mail
 12306 | D:12     | Identified the +0 ring mail of It's Over Quickly {rPois MR++ Slay-4} (You found it on level 12 of the Dungeon)
 12454 | D:13     | Noticed a hill giant
 12455 | D:13     | Noticed a wizard
 12471 | D:13     | Killed a hill giant
 12477 | D:13     | Killed a wizard
 12477 | D:13     | Reached skill level 15 in Long Blades
 12477 | D:13     | Reached XP level 12. HP: 91/110 MP: 13/13
 12570 | D:13     | Reached ***** piety under Kikubaaqudgha
 12705 | D:13     | Found a gate to the Vaults.
 12940 | D:13     | Noticed a death knight
 12947 | D:13     | Gained mutation: Your muscles are strong. (Str +2) [potion of beneficial mutation]
 12957 | D:13     | Killed a death knight
 13218 | D:14     | Reached skill level 12 in Fighting
 13503 | D:14     | Learned a level 5 spell: Dispel Undead
 13522 | D:14     | Noticed Josephine
 13536 | D:14     | Killed Josephine
 13722 | D:14     | Lost mutation: Your muscles are strong. (Str +2) [a neqoxec]
 13733 | D:14     | Reached XP level 13. HP: 30/118 MP: 14/14
 15211 | D:15     | Entered Level 15 of the Dungeon
 15441 | Lair:1   | Entered Level 1 of the Lair of Beasts
 15625 | D:8      | Gained mutation: Your system is resistant to poisons. (rPois) [potion of beneficial mutation]
 15657 | Lair:1   | Reached skill level 1 in Shields
 15923 | Lair:1   | Reached ****** piety under Kikubaaqudgha
 15929 | Lair:1   | Identified a glowing double sword (a double sword bloodied by Kikubaaqudgha)
 15929 | Lair:1   | Received a gift from Kikubaaqudgha
 16406 | Lair:2   | Found a hole to the Spider Nest.
 17200 | Lair:3   | Got a heavily runed ring mail
 17201 | Lair:3   | Found a labyrinth entrance.
 17214 | Lab      | Entered a labyrinth
 17966 | Lab      | Reached skill level 13 in Fighting
 18110 | Lab      | Noticed a minotaur
 18117 | Lab      | Killed a minotaur
 18227 | Lair:3   | Identified the +4 ring mail of the Gloaming {rC- Slay+5} (You found it on level 3 of the Lair of Beasts)
 19415 | Lair:4   | Reached skill level 5 in Necromancy
 19494 | Lair:4   | Reached XP level 14. HP: 58/129 MP: 15/15
 19831 | Lair:4   | Found a staircase to the Shoals.
 20206 | Lair:5   | Identified a scroll of acquirement
 20209 | Lair:5   | Got a pair of distressingly furry gloves
 20220 | Lair:5   | Identified the +5 pair of gloves of Grace {rElec rN+} (You acquired it on level 5 of the Lair of Beasts)
 20754 | Lair:5   | Found a staircase to the Slime Pits.
 20754 | Lair:5   | Found a viscous altar of Jiyva.
 20835 | Lair:6   | Entered Level 6 of the Lair of Beasts
 20859 | Lair:6   | Reached skill level 14 in Fighting
 21617 | Lair:6   | Reached skill level 15 in Fighting
 22207 | Orc:1    | Entered Level 1 of the Orcish Mines
 22371 | Orc:2    | Entered Level 2 of the Orcish Mines
 22386 | Orc:2    | Noticed Aksej's ghost (journeyman DsGl)
 22397 | Orc:2    | Noticed an orc warlord
 22398 | Orc:2    | Found Walo's Antique Weapon Shop.
 22533 | Orc:1    | Reached XP level 15. HP: 121/141 MP: 16/16
 22745 | Orc:2    | Found Zaggics's Antique Armour Boutique.
 22875 | Orc:2    | Killed an orc warlord
 23063 | Orc:2    | Found Gepsith's Jewellery Boutique.
 23118 | Orc:2    | Killed Aksej's ghost
 23134 | Orc:2    | Found a staircase to the Elven Halls.
 23360 | Orc:2    | Found Othrusit's General Store.
 23885 | D:15     | Reached skill level 10 in Necromancy
 23970 | D:15     | Noticed Urug
 23977 | D:15     | Killed Urug
 23994 | D:15     | Found a shimmering altar of Xom.
 23995 | D:15     | Found a snail-covered altar of Cheibriados.
 23995 | D:15     | Found a glowing silver altar of Zin.
 24087 | D:15     | Found a staircase to the Depths.
 24238 | D:15     | Reached skill level 16 in Fighting
 24772 | D:15     | Cast into level 3 of the Abyss (an ogre mage)
 25116 | Abyss:3  | Gained mutation: You are frail. (-10% HP) [a neqoxec]
 25208 | D:15     | Escaped the Abyss
 25218 | D:15     | Reached XP level 16. HP: 102/136 MP: 17/17
 25348 | D:15     | Noticed Sonja
 25350 | D:15     | Killed Sonja
 26104 | D:15     | Reached skill level 5 in Shields
 26770 | Spider:1 | Entered Level 1 of the Spider Nest
 26907 | Spider:1 | Reached skill level 17 in Fighting
 27003 | Spider:1 | Got a shimmering chain mail
 27004 | Spider:1 | Identified the +3 chain mail of the Cicada {Str+3} (You found it on level 1 of the Spider Nest)
 27133 | Spider:1 | Noticed Aizul
 27142 | Spider:1 | Killed Aizul
 28118 | Spider:2 | Noticed Kirke
 29537 | Spider:3 | Killed Kirke
 30011 | Spider:3 | Reached XP level 17. HP: 111/146 MP: 18/18
 30361 | Spider:4 | Entered Level 4 of the Spider Nest
 31219 | Spider:4 | Reached skill level 10 in Shields
 31351 | Spider:4 | Noticed Arachne
 32003 | Spider:4 | Reached skill level 18 in Fighting
 32487 | Spider:4 | Killed Arachne
 32693 | Spider:4 | Got a gossamer rune of Zot
 33165 | Vaults:1 | Entered Level 1 of the Vaults
 33317 | Vaults:1 | Paralysed by a sphinx for 4 turns
 33339 | Vaults:1 | Reached XP level 18. HP: 22/155 MP: 19/19
 33551 | Vaults:1 | Found Murch's Antique Weapon Boutique.
 34539 | Vaults:1 | You fall through a shaft!
 34957 | Vaults:2 | Noticed a Tzitzimitl
 35159 | Vaults:2 | Found Nemew's Assorted Antiques.
 35369 | Vaults:2 | Found a hazy altar of Hepliaklqana.
 35414 | Vaults:2 | Reached skill level 10 in Dodging
 36019 | Vaults:3 | Found Zugor's Weapon Boutique.
 36155 | Vaults:3 | Found a staircase to the Crypt.
 36323 | Vaults:3 | Reached skill level 19 in Fighting
 36510 | Vaults:3 | Reached XP level 19. HP: 142/163 MP: 20/20
 36575 | Vaults:3 | Found a portal to a secret trove of treasure.
 36954 | Vaults:3 | Noticed a lich
 36970 | Vaults:3 | Killed a lich
 37169 | Vaults:3 | Reached skill level 15 in Necromancy
 37205 | Vaults:3 | Reached skill level 15 in Shields
 37263 | Vaults:4 | Found a flickering gateway to a bazaar.
 37284 | Bazaar   | Entered a bazaar
 37284 | Bazaar   | Found Fyfirutz's Distillery.
 37284 | Bazaar   | Found Gimuhous's Gadget Shoppe.
 37284 | Bazaar   | Found Vimibut's Jewellery Emporium.
 37304 | Bazaar   | Found Feboatu's Antique Weapon Emporium.
 37844 | Vaults:4 | Noticed Herrn's ghost (adept TrEE)
 38155 | Vaults:3 | Lost mutation: Your system is resistant to poisons. (rPois) [potion of cure mutation]
 38155 | Vaults:3 | Lost mutation: You are frail. (-10% HP) [potion of cure mutation]
 38815 | Vaults:4 | Killed Herrn's ghost
 39279 | Vaults:4 | Reached XP level 20. HP: 153/193 MP: 21/21
 39785 | Vaults:5 | Entered Level 5 of the Vaults
 40084 | Depths:1 | Entered Level 1 of the Depths
 40213 | Depths:1 | Found a gateway to Hell.
 40353 | Depths:1 | Slain by a lorocyproca

Vault maps used:
D:1:      minmay_arrival_open_corners
D:3:      uniq_natasha, uniq_robin, uniq_crazy_yiuf_cottage, uniq_sigmund
D:4:      okawaru_metal_pillars_1_2
D:5:      black_bear_nest_1, first_bread, evilmike_ruin_ashenzari
D:6:      minmay_temple_entry_statues_pillars, serial_shops, shop,
          minmay_hedge_maze, gammafunk_pakellas_its_alive
D:8:      david_lair_shrubbed, david_nohive_1
D:9:      lemuel_doored_altar
D:10:     lemuel_flame_loot_2, serial_shops, shop
D:11:     orc_0_dummy
D:12:     abandoned_shop, bh_circular_ruins
D:13:     david_vaults_1, minmay_unpleasant_kobolds
D:14:     minmay_crystal_water, uniq_josephine
D:15:     hangedman_slaughterboxes, uniq_sonja, uniq_urug
Temple:   dpeg_circular_temple_20
Lair:1:   grunt_megastairs_4, serial_bayou_shore_b
Lair:2:   spider_nest_entry_funnel_web, guppyfry_lair_drakes,
          infiniplex_staircase_pool, lemuel_fruit_tree
Lair:3:   lab_entry_generic, bh_autumn_forest_stairs, grunt_megastairs_5
Lair:4:   elwin_shoals_entry_rooms, special_room, patterned_corridor,
          grunt_megastairs_2
Lair:5:   slime_altar_1, lemuel_fruit_fields
Lair:6:   minmay_lair_end_enchanted_forest, hibernation_bobbens
Spider:1: uniq_aizul
Spider:2: spider_trap, uniq_kirke
Spider:3: minmay_another_anthill
Spider:4: johnstein_spider_rune_arachne_lair, uniq_arachne
Orc:2:    grunt_orc_gardens, grunt_orc_garden, grunt_orc_garden,
          grunt_orc_garden, grunt_orc_garden, abandoned_shop
Vaults:1: dpeg_vaults_monster_row, vaults_mumra_hex, vaults_room_door_hall,
          v_misc_25, vaults_standard_mumra_lines,
          hangedman_vaults_stretched_pinwheel, ontoclasm_vaults_shuriken,
          hangedman_vaults_restitches, serial_shops, nicolae_shop_stone
Vaults:2: vaults_room_hallway, ontoclasm_vaults_idyll, ontoclasm_vaults_twist,
          vaults_mumra_chevron_long, hangedman_vaults_hat,
          nicolae_vaults_bisected_exclaves, nicolae_vaults_what_the_h,
          serial_ice_h, vaults_room_door_hall, nicolae_vaults_little_squares_5,
          v_misc_27, v_misc_2, nicolae_vaults_little_squares_5,
          ontoclasm_vaults_gateway, basic_altar, serial_shops,
          nicolae_shop_stone
Vaults:3: nicolae_vaults_theta, minmay_crypt_entry_vampire_xt, v_misc_33,
          vaults_dpeg_doors, v_rooms_1, nicolae_vaults_theta,
          vaults_dpeg_encased_lava, hangedman_vaults_stagger,
          ontoclasm_vaults_spin, grunt_vaults_funnel, vaults_room_corners,
          v_misc_13, nicolae_trove_entry_free_sample, serial_shops,
          nicolae_shop_crystal
Vaults:4: v_misc_25, nicolae_vaults_big_ls, hangedman_vaults_capsules,
          hangedman_vaults_stretched_pinwheel, hangedman_vaults_cutoff,
          hangedman_vaults_maws, nicolae_vaults_little_squares_5,
          vaults_room_guarded_vault, v_misc_29, vaults_standard_mumra_x,
          serial_shops, bzr_entry_customers
Vaults:5: uniq_bai_suzhen
Depths:1: serial_shops, nicolae_shop_trees, pf_hell_entry_tar_river,
          serial_sigils_hangedman_etch, rand_demon_pan_entry_1,
          kennysheep_generic_room_12, serial_bayou_shore_a,
          serial_bayou_shore_b, serial_bayou_shore_b
Abyss:3:  hangedman_abyss_stitches_cave,
          evilmike_nicolae_abyss_rune_betentacled_crabyss
Lab:      lab_fountain, nicolae_lab_flowing_pool, nicolae_lab_checkerboard
Bazaar:   bazaar_general_marketplace

Skill      XL: |  1  2  3  4  5  6  7  8  9 10 11 12 13 14 15 16 17 18 19 20 |
---------------+-------------------------------------------------------------+-----
Fighting       | 1 2 3 4 5 6 8 9 11 12 13 15 16 17 18 19 | 19.9
Armour         | 1 2 3 4 5 7 9 10 11 12 13 14 | 14.1
Long Blades    | 1 4 5 7 9 11 13 15 16 17 | 17.5
Dodging        | 3 5 7 8 9 10 11 12 | 12.2
Shields        | 4 9 12 14 15 | 15.5
Necromancy     | 5 8 11 13 14 15 16 | 16.1
Short Blades   | |  0.9
Stealth        | |  1.5
Spellcasting   | |  1.3

Action                   |  1- 3 |  4- 6 |  7- 9 | 10-12 | 13-15 | 16-18 | 19-21 || total
-------------------------+-------+-------+-------+-------+-------+-------+-------++-------
Melee: Short sword       |    56 |       |       |       |       |       |       ||    56
       Unarmed           |     8 |       |       |       |       |       |       ||     8
       Headbutt          |    13 |    27 |    99 |   165 |   293 |   311 |   175 ||  1083
       Scimitar          |    17 |   196 |   518 |   934 |   309 |       |       ||  1974
       Double sword      |       |       |       |       |  1225 |  1637 |   896 ||  3758
Invok: Brand Weapon With |       |       |       |       |     1 |       |       ||     1
       Torment           |       |       |       |       |       |     1 |       ||     1
Evoke: Wand              |       |       |     4 |     6 |    11 |    15 |       ||    36
  Use: Scroll            |       |     8 |     2 |    17 |    23 |    20 |     4 ||    74
       Potion            |       |     5 |       |     4 |     5 |    12 |     4 ||    30
 Stab: Sleeping          |     1 |     2 |       |       |       |       |       ||     3
       Confused          |       |       |     2 |       |       |       |       ||     2
       Distracted        |       |       |       |       |       |     3 |       ||     3
       Paralysed         |       |       |       |       |       |     1 |       ||     1
  Eat: Chunk             |     1 |     3 |     6 |     2 |     9 |     3 |     1 ||    25
       Bread ration      |       |     2 |     1 |     1 |       |     6 |     1 ||    11
       Meat ration       |       |       |     1 |     1 |     4 |     1 |     1 ||     8
       Royal jelly       |       |       |       |     6 |     2 |     2 |     1 ||    11
       Pizza             |       |       |       |     1 |     2 |       |       ||     3
       Fruit             |       |       |       |       |     6 |     1 |     3 ||    10
Armor: Robe              |    12 |    18 |       |       |       |       |       ||    30
       Chain mail        |       |    51 |   234 |   451 |   396 |    52 |       ||  1184
       Animal skin       |       |    12 |       |       |       |       |       ||    12
       Skin              |       |       |       |    22 |     3 |       |       ||    25
       Ring mail         |       |       |       |       |   405 |       |       ||   405
       Plate armour      |       |       |       |       |       |   927 |   312 ||  1239
Dodge: Dodged            |    52 |   132 |   251 |   522 |   860 |   432 |    65 ||  2314
Block: Buckler           |       |       |       |       |   307 |   403 |       ||   710
       Shield            |       |       |       |       |       |   680 |  1092 ||  1772
